 Dungeon Crawl Stone Soup version 0.20-a0-317-gc038824 (webtiles) character file.

73 Junicave the Digger (level 4, -4/25 HPs)
             Began as a Gargoyle Earth Elementalist on Dec 21, 2016.
             Was an Initiate of Vehumet.
             Slain by a gnoll
             ... wielding a +0 spear
              (6 damage)
             ... on level 3 of the Dungeon.
             The game lasted 00:06:47 (2386 turns).

Junicave the Digger (Gargoyle Earth Elementalist)   Turns: 2386, Time: 00:06:48

Health: -4/25      AC:  9    Str: 11    XL:     4   Next: 27%
Magic:  7/7        EV: 10    Int: 17    God:    Vehumet [......]
Gold:   112        SH:  0    Dex: 10    Spells: 7/8 levels left

rFire  . . .     SeeInvis .     f - +0 mace
rCold  . . .     Gourm    .     j - +0 ring mail
rNeg   + + .     Faith    .     (no shield)
rPois  ∞         Spirit   .     (no helmet)
rElec  +         Reflect  .     (no cloak)
rCorr  .         Harm     .     (no gloves)
MR     .....                    (no boots)
Stlth  +.........               (no amulet)
                                (no ring)
                                p - ring of positive energy

@: no status effects
A: negative energy resistance 1, electricity resistance, unbreathing,
petrification resistance, rot immunity, AC +3
a: Renounce Religion


You were on level 3 of the Dungeon.
You worshipped Vehumet.
Vehumet was noncommittal.
You were not hungry.

You visited 1 branch of the dungeon, and saw 3 of its levels.

You collected 112 gold pieces.

Inventory:

Hand Weapons
 f - a +0 mace (weapon)
Missiles
 b - 154 stones (quivered)
Armour
 c - a +0 robe
 j - a +0 ring mail (worn)
Jewellery
 p - a ring of positive energy (left hand)
Scrolls
 a - 3 scrolls of teleportation {unknown}
 g - 2 scrolls of recharging {unknown}
 i - a scroll of fog {unknown}
 l - 2 scrolls of magic mapping {unknown}
 n - a scroll of enchant weapon {unknown}
 o - 2 scrolls of remove curse {unknown}
 t - a scroll of fear {unknown}
Potions
 h - a potion of agility {unknown}
 k - a potion of flight {unknown}
 m - a potion of heal wounds {unknown}
 s - 2 potions of lignification {unknown}
Books
 e - a book of Geomancy

   Spells                             Type                      Level
   a - Sandblast                      Earth                        1
   b - Passwall                       Transmutation/Earth          2
   c - Stone Arrow                    Conjuration/Earth            3
   d - Petrify                        Transmutation/Earth          4
   e - Lee's Rapid Deconstruction     Earth                        5
Comestibles
 d - 2 bread rations
 q - 2 beef jerkies


   Skills:
 + Level 1.0 Fighting
 + Level 1.2 Maces & Flails
 * Level 2.1 Armour
 + Level 1.9 Dodging
 - Level 2.1 Stealth
 * Level 2.5 Spellcasting
   Level 0.7 Transmutations
 + Level 3.9 Earth Magic


You had 7 spell levels left.
You knew the following spells:

 Your Spells              Type           Power        Failure   Level  Hunger
a - Sandblast             Erth           ###...       10%         1    #......


Dungeon Overview and Level Annotations

Branches:
Dungeon (3/15)

Altars:
Kikubaaqudgha
Nemelex Xobeh
Okawaru
Vehumet
Xom


Innate Abilities, Weirdness & Mutations

You are resistant to torment.
Your stone body is resilient. (AC +3)
You are immune to poison.
You resist negative energy. (rN+)
You are resistant to electric shocks. (rElec)
You can survive without breathing.
You are immune to petrification.
You are immune to rotting.


Message History

You kill the hobgoblin!
Vehumet accepts your kill. The gnoll hits you but does no damage.
The gnoll closely misses you.
You see here a scroll labeled EKLAIZ QUOLEPT.
You hit the gnoll.
The gnoll is moderately wounded.
The gnoll hits you with a spear. x2
You closely miss the gnoll.
The gnoll is moderately wounded.
The gnoll hits you with a spear.
You hit the gnoll but do no damage.
The gnoll is moderately wounded.
The gnoll hits you with a spear.
You hit the gnoll but do no damage.
The gnoll is moderately wounded.
The gnoll hits you with a spear.
* * * LOW HITPOINT WARNING * * *
The gnoll hits you with a spear.
You die...

##############.#...
#..................
#P...≈≈≈≈≈≈≈≈≈≈≈≈≈≈
#....≈≈≈≈≈≈≈≈≈≈≈≈≈≈
#....≈≈#####≈≈≈≈≈≈≈
#....≈≈#...#......%
#...P≈≈#...########
#.g..≈≈###'#
#)@..≈≈≈.#.#
#....≈≈≈.#
#....≈≈≈.#
#.P..≈≈≈.#
#....≈≈≈.#
#....≈≈≈.#
#....≈≈≈.#
#....≈≈≈.#
#....≈≈###+#


You could see a gnoll.

Vanquished Creatures
  A gnoll (D:3)
  An adder (D:1)
  A worm (D:2)
  3 bats
  3 giant cockroaches
  2 goblins (D:1)
  4 hobgoblins
  18 jackals
  6 kobolds
  A frilled lizard (D:2)
  5 rats
45 creatures vanquished.

Notes
Turn   | Place    | Note
-------+----------+-------------------------------------------
     0 | D:1      | Junicave the Gargoyle Earth Elementalist began the quest for the Orb.
     0 | D:1      | Reached XP level 1. HP: 10/10 MP: 3/3
   490 | D:1      | Reached XP level 2. HP: 11/15 MP: 0/5
   789 | D:1      | Found a shimmering altar of Xom.
   801 | D:1      | Found a glowing silver altar of Zin.
   801 | D:1      | Found a bloodstained altar of Trog.
   803 | D:1      | Found a sacrificial altar of Ru.
   803 | D:1      | Found a radiant altar of Vehumet.
   803 | D:1      | Found a hide-covered altar of Uskayaw.
  1208 | D:2      | Found an iron altar of Okawaru.
  1231 | D:1      | Reached skill level 1 in Armour
  1231 | D:1      | Reached XP level 3. HP: 16/20 MP: 6/6
  1345 | D:2      | Found a radiant altar of Vehumet.
  1372 | D:2      | Became a worshipper of Vehumet
  1459 | D:2      | Found a sparkling altar of Nemelex Xobeh.
  1650 | D:2      | Reached skill level 1 in Maces & Flails
  1703 | D:2      | Found an ancient bone altar of Kikubaaqudgha.
  1842 | D:3      | Reached skill level 1 in Fighting
  2001 | D:3      | Reached XP level 4. HP: 23/25 MP: 7/7
  2386 | D:3      | Slain by a gnoll

Vault maps used:
D:1:      roderic_octagonal_star, doesnt_xom_only_xom
D:2:      fiery_altar_vehumet, nemelex_xobeh_ov_fountains_minmay,
          overflow_temple_1_default, kiku_gazebo_pond_becter
D:3:      lemuel_castle_with_subvaults

Skill      XL: |  1  2  3  4 |
---------------+-------------+-----
Armour         | 1 2 |  2.1
Maces & Flails | 1 |  1.2
Fighting       | 1 |  1.0
Dodging        | |  1.9
Stealth        | |  2.1
Spellcasting   | |  2.5
Transmutations | |  0.7
Earth Magic    | |  3.9

Action                   |  1- 3 |  4- 6 || total
-------------------------+-------+-------++-------
Melee: Unarmed           |    50 |       ||    50
       Mace              |   140 |    48 ||   188
 Cast: Sandblast         |    14 |       ||    14
  Eat: Chunk             |     4 |     1 ||     5
Armor: Robe              |    19 |       ||    19
       Ring mail         |   115 |    49 ||   164
Dodge: Dodged            |   140 |    62 ||   202
